 Dungeon Crawl Stone Soup version 0.27.0-1-g7a089689b8 (webtiles) character file.

Game seed: 54565669087751183

63 Krazlmac the Ducker (level 3, 0/17 HPs)
             Began as a Felid Monk on Aug 15, 2021.
             Succumbed to a scorpion's poison
             ... on level 3 of the Dungeon.
             The game lasted 00:01:58 (2069 turns).

Krazlmac the Ducker (Felid Monk)                    Turns: 2069, Time: 00:01:59

Health: 0/17       AC:  5    Str:  7    XL:     3   Next: 89%
Magic:  4/4        EV: 20    Int: 11    God:
Gold:   107        SH:  0    Dex: 19    Spells: 2/2 levels left
                                        Lives:  0   Deaths: 0

rFire    . . .     SeeInvis +     - Unarmed
rCold    . . .     Faith    .   (shield unavailable)
rNeg     . . .     Spirit   .   (armour unavailable)
rPois    .         Reflect  .   (helmet unavailable)
rElec    .         Harm     .   (cloak unavailable)
rCorr    .         Rampage  .   (gloves unavailable)
Will     .....                  (boots unavailable)
Stlth    +++.......             (no amulet)
HPRegen  0.05/turn              b - +4 ring of protection
MPRegen  0.09/turn              (no ring)

@: brilliant, lethally poisoned (0 -> -8), flying, quick
A: very small, claws 1, fangs 3, see invisible, speed 1, shaggy fur 1, stealthy
paws, no weapons or thrown items, no armour, multi-lived
a: no special abilities


You were on level 3 of the Dungeon.
You visited 1 branch of the dungeon, and saw 3 of its levels.

You collected 107 gold pieces.

Inventory:

Jewellery
 b - a +4 ring of protection (left paw)
Scrolls
 a - a scroll of enchant weapon {unknown}
 d - a scroll of enchant armour {unknown}
 e - a scroll of fog {unknown}
 h - 3 scrolls of amnesia {unknown}
 i - a scroll of silence {unknown}
Potions
 f - a potion of ambrosia {unknown}
 j - a potion of resistance {unknown}
 k - a potion of haste {unknown}


   Skills:
 + Level 3.3 Fighting
 + Level 5.0 Dodging
 + Level 3.7 Stealth
 + Level 3.5 Unarmed Combat


You had 2 spell levels left.
You didn't know any spells.
Your spell library contained the following spells:

 Spells                   Type           Power      Damage    Failure   Level
 Corona                   Hex            0%         N/A       34%         1
 Ensorcelled Hibernation  Hex/Ice        0%         N/A       47%         2
 Conjure Flame            Conj/Fire      0%         6-21      71%         3
 Ignite Poison            Fire/Tmut/Pois 0%         N/A       71%         3
 Tukima's Dance           Hex            0%         N/A       71%         3
 Sticky Flame             Conj/Fire      0%         2d3       98%         4


Dungeon Overview and Level Annotations

Branches:
Dungeon (3/15)

Altars:


Innate Abilities, Weirdness & Mutations

You have sharp claws.
You have razor-sharp teeth.
You have supernaturally acute eyesight. (SInv)
You cover ground quickly. (Speed+)
You are covered in fur. (AC +1)
Your paws help you pounce on unaware monsters.
You are incapable of wielding weapons or throwing items.
You cannot wear armour.
You gain extra lives every three experience levels.


Message History

The scorpion closely misses you.
You barely miss the scorpion.
You bite the scorpion, but do no damage.
The scorpion misses you.
You barely miss the scorpion. The scorpion completely misses you.
You scratch the scorpion.
The scorpion is lightly wounded.
The scorpion closely misses you.
You scratch the scorpion but do no damage.
Your bite misses the scorpion.
The scorpion is lightly wounded.
The scorpion misses you.
You scratch the scorpion.
The scorpion is lightly wounded.
The scorpion closely misses you. The scorpion stings you.
You scratch the scorpion.
The scorpion is heavily wounded.
The scorpion closely misses you.
You scratch the scorpion.
The scorpion is heavily wounded.
The scorpion misses you.
You scratch the scorpion but do no damage.
The scorpion is heavily wounded.
The scorpion stings you.
You scratch the scorpion but do no damage.
The scorpion is heavily wounded.
The scorpion stings you.
* * * LOW HITPOINT WARNING * * *
You are lethally poisoned!
The scorpion poisons you!
You are too injured to fight recklessly!
It was a potion of flight.
You feel very buoyant.
You fly up into the air.
* * * LOW HITPOINT WARNING * * *
You feel sick.
The scorpion stings you but does no damage.
It was a potion of brilliance.
You feel clever all of a sudden.
You die...

.............................##
##...........#####...†........###
....................###..........
.####..###...######.##....<.....#
.# #......#...# #.##..........#
.####..#######.####.##...........
.......##.".........##...........
....#.## #..........#............
....#.## #......@s..........####.
....#..###.............##...#
##......####.#####...#.#.....
#......####.# ......
#†..........# ##...
#...........### #.
#....)..........
#................
#......########.#


You could see a scorpion.

Vanquished Creatures
  2 adders
  A worm (D:2)
  A ball python (D:2)
  4 bats
  2 endoplasms
  3 giant cockroaches
  5 goblins
  3 hobgoblins
  5 jackals
  3 quokkas (D:2)
  2 frilled lizards
  3 kobolds
  3 rats
37 creatures vanquished.

Notes
Turn   | Place    | Note
-------+----------+-------------------------------------------
     0 | D:1      | Krazlmac the Felid Monk began the quest for the Orb.
     0 | D:1      | Reached XP level 1. HP: 10/10 MP: 2/2
   705 | D:1      | Reached XP level 2. HP: 14/14 MP: 3/3
  1230 | D:2      | Reached XP level 3. HP: 17/17 MP: 4/4
  1935 | D:3      | Reached skill level 5 in Dodging
  2054 | D:3      | Noticed a scorpion
  2069 | D:3      | Succumbed to a scorpion's poison

Illustrated notes

Levels and vault maps discovered:
D:1:      wander_arrival_abandoned_jail, layout_basic, serial_co_window_serial,
          co_window_of_opportunity_a, co_window_cross_1, co_window_corner_a,
          co_window_corner_a, co_window_of_opportunity_a, co_window_paths_a,
          co_window_paths_a, co_window_paths_b, co_window_paths_a,
          co_window_2corner, co_window_cross_4, co_window_broadway_a,
          co_window_broadway_b, co_window_paths_c, glass_columns_a,
          glass_columns_b
D:2:      layout_basic, minmay_between
D:3:      layout_rooms, shapermc_ecumenical_altar_notcrosses

Skill      XL: |  1  2  3 |
---------------+----------+-----
Stealth        | 3 |  3.7
Dodging        | 5 |  5.0
Fighting       | |  3.3
Unarmed Combat | |  3.5

Action                   || total
-------------------------++-------
Melee: Unarmed           ||   113
       Bite              ||    12
       Punch             ||     4
  Use: Potion            ||     2
 Stab: Sleeping          ||     8
Armor: Skin              ||    20
Dodge: Dodged            ||   120
